 Dungeon Crawl Stone Soup version 0.30.1 (webtiles) character file.

Game seed: 11986224782727679475

18291 LustLizard the Basher (level 12, -7/77 HPs)
             Began as a Gargoyle Fighter on July 12, 2023.
             Was a Believer of the Shining One.
             Mangled by a harpy simulacrum (17 damage)
             ... in an ice cave.
             The game lasted 00:30:27 (15305 turns).

LustLizard the Basher (Gargoyle Fighter)           Turns: 15305, Time: 00:30:27

Health: -7/77      AC: 30    Str: 29    XL:     12   Next: 57%
Magic:  12/12      EV:  9    Int: 17    God:    the Shining One [**....]
Gold:   927        SH:  0    Dex:  9    Spells: 4/11 levels left

rFire   . . .        N - +1 morningstar (flame)
rCold   . . .        (no shield)
rNeg    + + .        I - +8 chain mail "Oleil" {rCorr Str+3 Int+3}
rPois   ∞            (no helmet)
rElec   +            (no cloak)
rCorr   +            k - +0 pair of gloves
SInv    .            C - +0 pair of boots
Will    .....        (no amulet) Stlth
                     E - ring of wizardry
HPRegen 0.32/turn    G - +6 ring of strength
MPRegen 0.13/turn

%: wizardry (x1)
@: glowing
A: sickness immunity, AC +8, negative energy resistance 1, electricity
resistance, torment resistance 1, petrification resistance
a: Renounce Religion, Divine Shield


You were in an ice cave.
You worshipped the Shining One.
The Shining One was pleased with you.
You visited 3 branches of the dungeon, and saw 13 of its levels.
You also visited: Sewer, Ossuary and Ice Cave.

You collected 927 gold pieces.

Inventory:

Hand Weapons
 N - a +1 morningstar of flaming (weapon)
Missiles
 p - a throwing net
Armour
 c - a +1 buckler
 k - a +0 pair of gloves (worn)
 C - a +0 pair of boots (worn)
 I - the +8 chain mail "Oleil" (worn) {rCorr Str+3 Int+3}
   (You found it on level 7 of the Dungeon)

   Str:       It affects your strength (+3).
   Int:       It affects your intelligence (+3).
   rCorr:     It protects you from acid and corrosion.
Jewellery
 g - a ring of resist corrosion
 v - a ring of see invisible
 E - a ring of wizardry (left hand)
 G - a +6 ring of strength (right hand)
 K - a ring of positive energy
 P - a ring of fire
Wands
 b - a wand of flame (23)
 y - a wand of polymorph (9)
 D - a wand of iceblast (9)
 J - a wand of quicksilver (16)
Scrolls
 d - 2 scrolls of vulnerability
 f - a scroll of torment {unknown}
 h - 8 scrolls of teleportation
 i - 4 scrolls of immolation {unknown}
 l - a scroll of poison {unknown}
 m - 2 scrolls of fog {unknown}
 n - 3 scrolls of silence {unknown}
 q - 4 scrolls of enchant armour
 r - 3 scrolls of blinking
 s - 2 scrolls of fear {unknown}
 t - 3 scrolls of enchant weapon
 x - 2 scrolls of brand weapon {unknown}
 B - 4 scrolls of magic mapping
 M - 2 scrolls of amnesia {unknown}
Potions
 a - a potion of curing
 e - 3 potions of haste
 j - 5 potions of heal wounds
 o - 2 potions of berserk rage
 u - 3 potions of brilliance
 w - a potion of resistance
 z - a potion of cancellation {unknown}
 A - 7 potions of flight
 F - 2 potions of mutation
 H - 2 potions of magic
 L - 3 potions of invisibility
 O - a potion of might


   Skills:
 + Level 10.0 Fighting
 * Level 12.3 Maces & Flails
 + Level 8.7 Armour
 - Level 5.8 Shields
 * Level 5.8 Conjurations
 - Level 5.1 Translocations
 * Level 4.4 Transmutations
 - Level 5.0 Evocations


You had 4 spell levels left.
You knew the following spells:

 Your Spells              Type           Power      Damage    Failure   Level
a - Blink                 Tloc           34%        N/A       6%          2
b - Irradiate             Conj/Tmut      8%         3d14      71%         5

Your spell library contained the following spells:

 Spells                   Type           Power      Damage    Failure   Level
 Momentum Strike          Conj/Tloc      36%        3d9       5%          2
 Lesser Beckoning         Tloc           34%        N/A       6%          2
 Shock                    Conj/Air       36%        1d5       11%         1
 Static Discharge         Conj/Air       18%        2-3/arc   16%         2
 Passwall                 Tmut/Erth      5%         N/A       21%         2
 Hailstorm                Conj/Ice       9%         3d4       28%         3
 Stone Arrow              Conj/Erth      18%        3d8       28%         3
 Sandblast                Erth           0%         2d4       32%         1
 Portal Projectile        Hex/Tloc       16%        N/A       32%         3
 Vhi's Electric Charge    Tloc/Air       16%        N/A       32%         3
 Ignite Poison            Fire/Tmut/Pois 5%         N/A       45%         3
 Call Canine Familiar     Summ           0%         N/A       65%         3
 Swiftness                Air            0%         N/A       65%         3
 Ice Form                 Ice/Tmut       7%         N/A       77%         4
 Petrify                  Tmut/Erth      7%         N/A       77%         4
 Airstrike                Air            0%         2d(0-16)  96%         4
 Leda's Liquefaction      Hex/Erth       0%         N/A       96%         4
 Summon Lightning Spire   Summ/Air       0%         N/A       96%         4
 Arcjolt                  Conj/Air       4%         1d14      93%         5
 Freezing Cloud           Conj/Ice/Air   3%         6-21      98%         5
 Simulacrum               Ice/Necr       0%         N/A       100%        6
 Maxwell's Capacitive Co  Air            0%         ∞         100%        8
 Cigotuvi's Dreadful Rot  Necr/Pois/Air  Unusable   N/A       N/A         2
 Sublimation of Blood     Necr           Unusable   N/A       N/A         2

Dungeon Overview and Level Annotations

Branches:
Dungeon (11/15)            Temple (1/1) D:6            Lair (1/5) D:10
    Orc (0/2) D:11          Sewer (visited)         Ossuary (visited)
  IceCv (1/1)

Altars:
Ashenzari
Cheibriados
Dithmenos
Elyvilon
Fedhas
Gozag
Hepliaklqana
Kikubaaqudgha
Makhleb
Nemelex Xobeh
Okawaru
Qazlal
Ru
Sif Muna
Trog
Uskayaw
Vehumet
Wu Jian
Xom
Yredelemnul
Zin
The Shining One

Shops:
D:9 (

Annotations:
D:2 1 runed translucent door, Crazy Yiuf
Temple 2 transporters


Innate Abilities, Weirdness & Mutations

You are immune to sickness and miasma.
Your stone body is resilient. (AC +8)
You are immune to poison.
You resist negative energy. (rN+)
You are resistant to electric shocks. (rElec)
You are resistant to unholy torment.
You are immune to petrification.


Message History

The ice devil hits you but does no damage.
You impale the ice devil!! You burn the ice devil!
You kill the ice devil!
The Shining One accepts your kill.
You open the door.
A dire elephant simulacrum comes into view.
You hit the dire elephant simulacrum.
You melt the dire elephant simulacrum.
The dire elephant simulacrum is lightly damaged.
The dire elephant simulacrum tramples you but does no damage.
The dire elephant simulacrum trunk-slaps you but does no damage.
You hit the dire elephant simulacrum but do no damage.
The dire elephant simulacrum is lightly damaged.
You impale the dire elephant simulacrum!!
You melt the dire elephant simulacrum.
The dire elephant simulacrum is severely damaged.
The dire elephant simulacrum tramples you!!
You hold your ground!
The dire elephant simulacrum barely misses you.
You thump the dire elephant simulacrum!
You melt the dire elephant simulacrum!
The dire elephant simulacrum vaporises!
The Shining One accepts your kill.
You open the door.
A harpy simulacrum comes into view.
The harpy simulacrum misses you. The harpy simulacrum claws you.
The harpy simulacrum freezes you!!
The harpy simulacrum claws you but does no damage. x2
You hit the harpy simulacrum.
You melt the harpy simulacrum.
The harpy simulacrum is lightly damaged.
The harpy simulacrum claws you but does no damage.
The harpy simulacrum claws you. The harpy simulacrum freezes you!
* * * LOW HITPOINT WARNING * * *
You feel better.
The harpy simulacrum completely misses you.
The harpy simulacrum claws you but does no damage.
The harpy simulacrum claws you! The harpy simulacrum freezes you!
* * * LOW HITPOINT WARNING * * *
The harpy simulacrum claws you.
* * * LOW HITPOINT WARNING * * *
The harpy simulacrum freezes you!
You die...

.####...####.# #.
#...#4.###
##'##[⌠# #...#+##
#...# ###...###
#.#...#.#
###Z#...#'###
#.°@......'.#
###.8...8.###
#.'.......'.#
###.8...8.###.#
#.'...........'.#
#.###.8...8.###.#
#.'.......'.#
###.8...8.###
#.'.......'.#


You could see a harpy simulacrum.

Vanquished Creatures
  2 boulder beetles
  A two-headed ogre (D:11)
  A black mamba (Lair:1)
  2 ice statues (IceCv)
  A gargoyle (D:10)
  A kobold demonologist (D:9)
  2 komodo dragons
  2 unseen horrors
  4 anaconda simulacra (IceCv)
  4 ice devils (IceCv)
  4 trolls
  6 slime creatures (D:10)
  Sigmund (D:2)
  A shadow (D:11)
  4 wyverns
  3 dire elephant simulacra (IceCv)
  A vampire (D:11)
  2 wraiths
  18 yaks
  3 steam dragons
  Menkaure (D:7)
  An acid dragon (D:9)
  2 hydra simulacra (IceCv)
  Duvessa (D:5)
  5 water moccasins
  5 orc warriors
  An ice beast (D:5)
  A sky beast (D:6)
  3 black bears
  An ogre (D:7)
  4 centaurs
  2 kobold brigands
  6 bullfrogs
  Blork the orc (D:5)
  A scorpion (D:6)
  A two-headed ogre simulacrum (IceCv)
  3 wights
  Dowan (D:5)
  11 killer bees
  4 electric eels
  2 vampire bats (D:4)
  4 howler monkeys
  2 centaur zombies (Ossuary)
  6 orc priests
  2 gnoll boudas
  4 hounds
  2 jellies (D:5)
  3 orc wizards
  8 iguanas
  A troll simulacrum (IceCv)
  3 mummies
  13 gnolls
  A naga simulacrum (IceCv)
  12 adders
  4 river rats (Sewer)
  4 ufetubi
  2 adder zombies (Ossuary)
  2 worms
  2 dart slugs
  25 orcs
  8 ball pythons
  3 bat skeletons (D:4)
  3 bat zombies (D:4)
  10 endoplasms
  3 giant cockroaches
  7 goblins
  8 hobgoblins
  8 jackals
  11 quokkas
  12 bats
  7 frilled lizards
  2 goblin zombies
  13 hobgoblin zombies
  A jackal zombie (Ossuary)
  14 kobolds
  12 kobold zombies
  9 orc zombies
  A quokka zombie (D:6)
  6 rats
  A rat zombie (Ossuary)
359 creatures vanquished.

Notes
Turn   | Place    | Note
-------+----------+-------------------------------------------
     0 | D:1      | LustLizard the Gargoyle Fighter began the quest for the
                  | Orb.
     0 | D:1      | Reached XP level 1. HP: 14/14 MP: 1/1
   225 | D:1      | Reached XP level 2. HP: 19/19 MP: 2/2
   557 | D:1      | Reached XP level 3. HP: 19/23 MP: 3/3
   997 | D:2      | Reached skill level 3 in Maces & Flails
  1271 | D:2      | Noticed Sigmund
  1285 | D:2      | Killed Sigmund
  1286 | D:2      | Reached skill level 4 in Maces & Flails
  1286 | D:2      | Reached XP level 4. HP: 14/30 MP: 4/4
  1286 | D:2      | Reached XP level 5. HP: 16/34 MP: 5/5
  1398 | D:2      | Reached XP level 6. HP: 39/39 MP: 6/6
  1715 | D:2      | Found a runed translucent door.
  1716 | D:2      | Noticed Crazy Yiuf
  2327 | D:3      | Found an ornate altar of the Wu Jian Council.
  2798 | D:3      | Reached skill level 5 in Maces & Flails
  3335 | D:4      | Learned a level 2 spell: Blink
  3541 | D:4      | Reached skill level 5 in Shields
  3624 | D:4      | Reached skill level 5 in Fighting
  3624 | D:4      | Reached XP level 7. HP: 36/44 MP: 7/7
  3755 | D:4      | Found an ancient bone altar of Kikubaaqudgha.
  4006 | D:4      | Reached skill level 1 in Translocations
  4156 | D:5      | Entered Level 5 of the Dungeon
  4307 | D:5      | Found a glowing drain.
  4340 | Sewer    | Entered a sewer
  5327 | D:5      | Reached skill level 6 in Maces & Flails
  5369 | D:5      | Noticed Dowan
  5369 | D:5      | Noticed Duvessa
  5433 | D:5      | Noticed Blork the orc
  5560 | D:5      | Killed Blork the orc
  5683 | D:5      | Killed Duvessa
  5684 | D:5      | Reached XP level 8. HP: 18/50 MP: 8/8
  5860 | D:5      | Killed Dowan
  5979 | D:5      | Found an iron altar of Okawaru.
  6718 | D:6      | Reached skill level 7 in Maces & Flails
  6860 | D:6      | Reached XP level 9. HP: 36/56 MP: 9/9
  7046 | D:6      | Found a sand-covered staircase.
  7065 | Ossuary  | Entered an ossuary
  7223 | Ossuary  | Reached skill level 8 in Maces & Flails
  7387 | D:6      | Found a staircase to the Ecumenical Temple.
  7401 | Temple   | Entered the Ecumenical Temple
  7401 | Temple   | Found a transporter.
  7401 | Temple   | Found a transporter.
  7403 | Temple   | Found a transporter.
  7403 | Temple   | Found a transporter.
  7613 | D:7      | Reached skill level 5 in Armour
  8161 | D:7      | Identified the +8 chain mail "Oleil" {rCorr Str+3 Int+3}
  8519 | D:7      | Noticed Menkaure
  8528 | D:7      | Killed Menkaure
  8741 | D:7      | Noticed a komodo dragon
  8748 | D:7      | Killed a komodo dragon
  8749 | D:7      | Reached skill level 9 in Maces & Flails
  8749 | D:7      | Reached skill level 1 in Evocations
  8831 | D:7      | Reached XP level 10. HP: 64/64 MP: 10/10
  9303 | D:8      | Found a white marble altar of Elyvilon.
  9318 | D:8      | Noticed a boulder beetle
  9339 | D:8      | Killed a boulder beetle
  9340 | D:8      | Reached skill level 5 in Translocations
  9773 | D:8      | Reached skill level 10 in Maces & Flails
  9919 | D:8      | Found a shadowy altar of Dithmenos.
  9920 | D:8      | Found a hazy altar of Hepliaklqana.
 10461 | D:9      | Noticed a kobold demonologist
 10468 | D:9      | Killed a kobold demonologist
 10731 | D:9      | Reached XP level 11. HP: 66/69 MP: 11/11
 10871 | D:9      | Found Kyiffog's Antique Weapon Boutique.
 11378 | D:10     | Entered Level 10 of the Dungeon
 11406 | D:10     | Found a staircase to the Lair.
 11461 | D:10     | Reached skill level 11 in Maces & Flails
 11480 | D:10     | Found a blossoming altar of Fedhas.
 11756 | D:10     | Learned a level 5 spell: Irradiate
 11882 | D:10     | Reached skill level 1 in Conjurations
 11892 | D:10     | Reached skill level 1 in Transmutations
 12076 | D:10     | Found a glowing golden altar of the Shining One.
 12091 | D:10     | Became a worshipper of the Shining One
 12324 | D:10     | Found a hide-covered altar of Uskayaw.
 12778 | D:11     | Noticed a cyclops
 12968 | D:11     | Found a staircase to the Orcish Mines.
 13403 | D:11     | Noticed a two-headed ogre
 13410 | D:11     | Killed a two-headed ogre
 13800 | Lair:1   | Entered Level 1 of the Lair of Beasts
 13806 | Lair:1   | Reached skill level 5 in Evocations
 13806 | Lair:1   | Reached XP level 12. HP: 76/76 MP: 12/12
 13819 | Lair:1   | Noticed a boulder beetle
 13835 | Lair:1   | Killed a boulder beetle
 14160 | Lair:1   | Identified the +3 hand axe of Extinguishment {holy, rElec
                  | Int-5 SInv}
 14180 | Lair:1   | Found a frozen archway.
 14183 | Lair:1   | Reached skill level 12 in Maces & Flails
 14192 | IceCv    | Entered an ice cave
 14199 | IceCv    | Reached * piety under the Shining One
 14217 | IceCv    | Reached skill level 5 in Conjurations
 15145 | IceCv    | Reached ** piety under the Shining One
 15187 | IceCv    | Reached skill level 10 in Fighting
 15305 | IceCv    | Mangled by a harpy simulacrum

Illustrated notes

Levels and vault maps discovered:
D:1:      lemuel_arrival_funnel, layout_basic, hangedman_glass_teeth
D:2:      layout_basic, minmay_hexomino_c4, uniq_crazy_yiuf_cottage,
          uniq_sigmund
D:3:      layout_loops_corners, mainiacjoe_overflow_paths, serial_bayou_pond_c
D:4:      layout_loops_cross, kennysheep_vampire_church
D:5:      layout_loops_ring, kennysheep_okawaru_gauntlet, portal_sewer_entry_d,
          uniq_blork_the_orc, uniq_duvessa
D:6:      layout_rooms, minmay_temple_entry_grid, enter_ossuary_4
D:7:      layout_layer_cave, minmay_lizard_king, uniq_menkaure
D:8:      layout_basic, riverfiend_overflow_shadow_ancestor, elyvilon_altar_3,
          chequers_big_river, minmay_mini_ossuary
D:9:      layout_gridville, serial_shops, nicolae_shop_tiny_real_fake_doors,
          hangedman_corner_corridor
D:10:     lemuel_ice_spiral_2, layout_basic, mainiacjoe_overflow_alcove_1,
          mainiacjoe_overflow_alcove_2, overflow_temple_1_default,
          lair_entry_dummy
D:11:     layout_grid_maze, david_orc_2, amcnicky_mini_rare_corridor_liquid
Temple:   hellmonk_temple_divided_pantheon
Lair:1:   layout_roguey, portal_ice_cave_entry_pillars_1
IceCv:    ice_cave_tombish

Skill      XL: |  1  2  3  4  5  6  7  8  9 10 11 12 |
---------------+-------------------------------------+-----
Maces & Flails | 4 5 6 7 9 10 11 12 | 12.3
Fighting       | 4 5 6 7 8 9 10 | 10.0
Shields        | 4 5 |  5.8
Translocations | 2 3 4 5 |  5.1
Armour         | 4 5 7 8 |  8.7
Evocations     | 1 3 5 |  5.0
Conjurations   | 4 5 |  5.8
Transmutations | 3 4 |  4.4

Action                     |  1- 3 |  4- 6 |  7- 9 | 10-12 || total
---------------------------+-------+-------+-------+-------++-------
  Melee: Flail             |   116 |   183 |   297 |       ||   596
         Dire flail        |       |       |   296 |   270 ||   566
         Unarmed           |       |       |    28 |       ||    28
         Morningstar       |       |       |       |   297 ||   297
         Punch             |       |       |       |     5 ||     5
  Evoke: Wand              |       |       |       |     4 ||     4
    Use: Potion            |     1 |       |     5 |     1 ||     7
         Scroll            |       |       |     9 |     7 ||    16
 Armour: Scale mail        |    84 |    89 |   396 |       ||   569
         Chain mail        |       |       |    16 |   353 ||   369
  Dodge: Dodged            |    68 |    71 |   329 |   219 ||   687
  Block: Buckler           |    25 |    32 |    78 |       ||   135
